 Dungeon Crawl Stone Soup version 0.30-a0-297-g0ec75d9ef4 (webtiles) character file.

Game seed: 9609870591168123550

4187 Mgcat the Geomancer (level 10, -1/69 HPs)
             Began as a Meteoran Earth Elementalist on Oct 19, 2022.
             Was a Believer of Vehumet.
             Slain by a yak (6 damage)
             ... on level 10 of the Dungeon.
             The game lasted 00:09:53 (3887 turns).

Mgcat the Geomancer (Meteoran Earth Elementalist)   Turns: 3887, Time: 00:09:53

Health: -1/69      AC:  5    Str: 10    XL:     10   Next: 83%
Magic:  20/25      EV: 12    Int: 27    God:    Vehumet [**....]
Gold:   172        SH:  0    Dex: 15    Spells: 28/30 levels left

rFire   . . .      SeeInvis .    x - +3 whip of Bukeym {freeze, rC- rN++ Int+6}
rCold   x . .      Faith    .    (no shield)
rNeg    + + .      Spirit   .    a - +0 robe
rPois   .          Reflect  .    (no helmet)
rElec   .          Harm     .    B - scarf {repulsion}
rCorr   .          Rampage  .    F - +0 pair of gloves
Will    ++...                    u - +1 pair of boots {Fly}
Stlth   +.........               d - amulet of regeneration {+regen, !d}
HPRegen 1.11/turn                e - ring of willpower
MPRegen 0.19/turn                (no ring)

@: flying, glowing, repel missiles
A: sense surroundings 2, otherworldly, glowing, explore regen
a: Renounce Religion


You were on level 10 of the Dungeon.
You worshipped Vehumet.
Vehumet was pleased with you.
You visited 2 branches of the dungeon, and saw 10 of its levels.
You also visited: Sewer.

You collected 337 gold pieces.
You spent 165 gold pieces at shops.

Inventory:

Hand Weapons
 x - the +3 whip of Bukeym (weapon) {freeze, rC- rN++ Int+6}
   (You took it off an orc on level 7 of the Dungeon)

   It freezes those it strikes, dealing additional cold damage.
   It can also slow down cold-blooded creatures.
   Int:       It affects your intelligence (+6).
   rC:        It makes you vulnerable to cold.
   rN:        It greatly protects you from negative energy.
Missiles
 j - a throwing net {=f, !d}
Armour
 a - a +0 robe (worn)
 u - a +1 pair of boots of flying (worn)
   (You bought it in a shop on level 8 of the Dungeon)
 w - a +0 cloak
   (You found it on level 6 of the Dungeon)
 B - a scarf of repulsion (worn)
   (You found it on level 8 of the Dungeon)
 F - a +0 pair of gloves (worn)
   (You found it on level 9 of the Dungeon)
Magical Staves
 p - a staff of death {rN+}
   (You found it on level 5 of the Dungeon)
Jewellery
 d - an amulet of regeneration (around neck) {+regen, !d}
   (You found it on level 1 of the Dungeon)
 e - a ring of willpower (left hand)
   (You found it on level 1 of the Dungeon)
 y - an amulet of reflection
   (You found it on level 7 of the Dungeon)
Wands
 q - a wand of paralysis (8)
   (You found it on level 7 of the Dungeon)
 D - a wand of roots (2)
   (You found it on level 9 of the Dungeon)
Scrolls
 f - 2 scrolls of enchant armour {unknown}
 g - 2 scrolls of magic mapping {!r}
 h - 7 scrolls of identify {unknown}
 i - 2 scrolls of teleportation {unknown}
 k - 2 scrolls of fear {unknown}
 l - a scroll of brand weapon {unknown}
 m - a scroll of blinking {unknown}
 s - 2 scrolls of poison {unknown}
 t - a scroll of summoning
 v - a scroll of immolation {unknown}
 A - 2 scrolls of vulnerability {unknown}
 C - a scroll of enchant weapon {unknown}
Potions
 b - a potion of magic
 c - 2 potions of might {unknown}
 n - 5 potions of flight
 o - a potion of curing
 r - 2 potions of ambrosia
 z - 3 potions of heal wounds {unknown}
 E - a potion of resistance {unknown}
 G - a potion of lignification {unknown}


   Skills:
 - Level 2.4 Dodging
 - Level 5.0 Stealth
 + Level 10.6 Spellcasting
 + Level 4.8 Conjurations
 - Level 1.2 Transmutations
 + Level 4.6 Fire Magic
 + Level 10.8 Earth Magic


You had 28 spell levels left.
You knew the following spells:

 Your Spells              Type           Power      Damage    Failure   Level
a - Sandblast             Erth           100%       2d20      1%          1
b - Foxfire               Conj/Fire      100%       2x1d9     1%          1

Your spell library contained the following spells:

 Spells                   Type           Power      Damage    Failure   Level
 Scorch                   Fire           78%        2d9       1%          2
 Passwall                 Tmut/Erth      39%        N/A       1%          2
 Stone Arrow              Conj/Erth      100%       3d13      1%          3
 Petrify                  Tmut/Erth      47%        N/A       3%          4


Dungeon Overview and Level Annotations

Branches:
Dungeon (10/15) Zot: 1900  Temple (1/1) D:5 Zot: 549    Lair (0/5) D:9
    Orc (0/2) D:9           Sewer (visited)

Altars:
Elyvilon
Fedhas
Gozag
Kikubaaqudgha
Nemelex Xobeh
Qazlal
Ru
Trog
Uskayaw
Vehumet
Zin
The Shining One

Shops:
D:7 *   D:8 [


Innate Abilities, Weirdness & Mutations

You passively map the area around you.
You are easily found by Zot.
You glow in the dark.
You regain HP and MP as you explore.


Message History

The blast of sand hits the yak!
The yak is almost dead.
You now have 23/25 mp.
Warning x2: The yak can hit for moderate damage in melee! x2
Casting: Sandblast (safe; 1% risk of failure)
Confirm with . or Enter, or press ? or * to list all spells.
Aiming: Sandblast (safe; 1% risk of failure)
Press: ? - help, Shift-Dir - straight line, f/p - yak
Aim: a yak (almost dead, 91% to hit)
The blast of sand hits the yak!!
You kill the yak!
Vehumet accepts your kill. Vehumet offers you knowledge of Scorch.
A yak comes into view. x2
Warning x3: The yak can hit for moderate damage in melee!
The yak (wandering) can hit for moderate damage in melee! x2
Casting: Sandblast (safe; 1% risk of failure)
Confirm with . or Enter, or press ? or * to list all spells.
Aiming: Sandblast (safe; 1% risk of failure)
Press: ? - help, Shift-Dir - straight line, f - yak
Aim: a yak (91% to hit)
The blast of sand hits the yak.
The yak is lightly wounded.
The yak bellows! x2; You hear a bellow!
A yak comes into view.
The yak gores you but does no damage.
You now have 22/25 mp.
Danger x4: yak x3, yak (wandering)!
Casting: Sandblast (safe; 1% risk of failure)
Confirm with . or Enter, or press ? or * to list all spells.
Aiming: Sandblast (safe; 1% risk of failure)
Press: ? - help, Shift-Dir - straight line, f/p - yak
Aim: a yak (lightly wounded, 91% to hit)
The blast of sand hits the yak!!
The yak is almost dead.
The yak bellows!
You now have 21/25 mp.
Danger x4: yak x4!
Casting: Sandblast (safe; 1% risk of failure)
Confirm with . or Enter, or press ? or * to list all spells.
Aiming: Sandblast (safe; 1% risk of failure)
Press: ? - help, Shift-Dir - straight line, f/p - yak
Aim: a yak (almost dead, 91% to hit)
The blast of sand hits the yak!!
You kill the yak!
Vehumet accepts your kill.
A yak comes into view.
The yak snorts and paws the ground.
Danger x4: yak x4!
Casting: Sandblast (safe; 1% risk of failure)
Confirm with . or Enter, or press ? or * to list all spells.
Aiming: Sandblast (safe; 1% risk of failure)
Press: ? - help, Shift-Dir - straight line, f - yak
Aim: a yak (91% to hit)
The blast of sand hits the yak.
The yak is lightly wounded.
The yak closely misses you.
You now have 20/25 mp.
Danger x4: yak x4!
Aiming: Fastroot
Press: ? - help, Shift-Dir - straight line, p - yak The roots erupt in riotous growth!
Roots grab the yak. x2
The grasping roots constrict the yak. x2
You hear a bellow!
The yak closely misses you. x2
A yak comes into view.
Danger x5: yak x3, yak (rooted) x2!
Casting: Sandblast (safe; 1% risk of failure)
Confirm with . or Enter, or press ? or * to list all spells.
Aiming: Sandblast (safe; 1% risk of failure)
Press: ? - help, Shift-Dir - straight line The blast of sand hits the yak.
The yak is lightly wounded.
The grasping roots constrict the yak! x2
The roots release their grip on the yak. x2
The yak gores you! The yak misses you. The yak gores you! x2
You take 33 damage, and have 36/69 hp.
MASSIVE DAMAGE!!
You now have 19/25 mp.
Danger x4: yak x4!
Casting: Sandblast (safe; 1% risk of failure)
Confirm with . or Enter, or press ? or * to list all spells.
Aiming: Sandblast (safe; 1% risk of failure)
Press: ? - help, Shift-Dir - straight line The blast of sand hits the yak.
The yak is heavily wounded.
The yak gores you! x2
* * * LOW HITPOINT WARNING * * *
You take 23 damage, and have 13/69 hp.
MASSIVE DAMAGE!!
Danger x4: yak x4!
Casting: Sandblast (safe; 1% risk of failure)
Confirm with . or Enter, or press ? or * to list all spells.
Aiming: Sandblast (safe; 1% risk of failure)
Press: ? - help, Shift-Dir - straight line, f - yak
Aim: a yak (91% to hit)
The blast of sand hits the yak!!
You kill the yak!
Vehumet accepts your kill.
You feel your power returning. The yak gores you!
* * * LOW HITPOINT WARNING * * *
The yak gores you.
You die...

* , * * *
#################.. , ,
, ,
#..........#.......* ,
#..........#.....# , ,
#.......Y..#....#,,*, ,
,#......@Y..#....# , *
,..########Y..#....#.Y,
, ,
.......<.#...#.....# ,
, ,
,.........#.......Y# ,
, ,
,,.........#........#
*, ,..#...............#
, , .
#................# > *
#................# , ,
#..........######..,*


You could see 3 yaks.

Vanquished Creatures
  Prince Ribbit (D:8)
  A vampire (D:8)
  9 yaks
  2 steam dragons
  A water moccasin (D:6)
  A sky beast (D:7)
  An orc warrior (D:9)
  4 centaurs
  2 kobold brigands
  A scorpion (D:5)
  10 killer bees
  3 howler monkeys (D:7)
  10 electric eels (D:9)
  5 hounds
  5 orc priests
  A jelly (D:7)
  A gnoll bouda (D:5)
  An iguana (D:5)
  7 orc wizards
  5 gnolls (D:5)
  3 adders (Sewer)
  3 river rats (Sewer)
  An ufetubus (D:5)
  3 worms
  21 orcs
  7 ball pythons
  11 bats
  An endoplasm (Sewer)
  8 giant cockroaches
  3 goblins
  3 hobgoblins (D:1)
  3 jackals
  10 kobolds
  5 quokkas
  2 frilled lizards (Sewer)
  2 rats (D:1)
157 creatures vanquished.

Vanquished Creatures (others)
  A kobold (D:9)
  A foxfire (D:9)
  9 plants (D:6)
11 creatures vanquished.

Grand Total: 168 creatures vanquished

Notes
Turn   | Place    | Note
-------+----------+-------------------------------------------
     0 | D:1      | Mgcat the Meteoran Earth Elementalist began the quest for
                  | the Orb.
     0 | D:1      | Reached XP level 1. HP: 14/14 MP: 5/5
    34 | D:1      | Reached XP level 2. HP: 11/20 MP: 0/6
    46 | D:1      | HP: 5/20 [ball python (1)]
    52 | D:1      | Reached skill level 3 in Spellcasting
   270 | D:1      | Reached skill level 4 in Earth Magic
   382 | D:1      | Reached XP level 3. HP: 26/26 MP: 6/8
   489 | D:1      | Glimpsed the power of Zot.
   552 | D:3      | Reached skill level 2 in Stealth
   597 | D:3      | Found a glowing drain.
   611 | Sewer    | Entered a sewer
   636 | Sewer    | Reached XP level 4. HP: 33/33 MP: 5/10
   863 | Sewer    | Reached XP level 5. HP: 13/38 MP: 5/11
   863 | Sewer    | HP: 8/38 [river rat (7)]
   867 | Sewer    | HP: 2/38 [river rat (5)]
   872 | Sewer    | Reached skill level 4 in Spellcasting
  1006 | Sewer    | Glimpsed the power of Zot.
  1049 | Sewer    | Glimpsed the power of Zot.
  1078 | D:3      | You fall into a shaft and drop 2 floors!
  1078 | D:5      | Entered Level 5 of the Dungeon
  1128 | D:5      | Reached skill level 5 in Earth Magic
  1206 | D:5      | Found a staircase to the Ecumenical Temple.
  1223 | D:5      | Reached XP level 6. HP: 45/45 MP: 10/13
  1238 | Temple   | Entered the Ecumenical Temple
  1265 | Temple   | Became a worshipper of Vehumet
  1350 | D:5      | Reached skill level 3 in Stealth
  1357 | D:5      | Reached skill level 5 in Spellcasting
  1392 | D:5      | Reached XP level 7. HP: 50/50 MP: 12/15
  1844 | D:6      | Found a sacrificial altar of Ru.
  1850 | D:6      | Reached skill level 6 in Earth Magic
  1853 | D:6      | Noticed a water moccasin
  1864 | D:6      | Killed a water moccasin
  1938 | D:7      | Reached * piety under Vehumet
  1938 | D:7      | Offered knowledge of Kiss of Death by Vehumet.
  1939 | D:7      | Reached skill level 6 in Spellcasting
  1939 | D:7      | Reached XP level 8. HP: 48/57 MP: 13/18
  1941 | D:7      | Reached skill level 4 in Stealth
  2040 | D:7      | Noticed a steam dragon
  2047 | D:7      | HP: 10/57 [steam dragon (8)]
  2048 | D:7      | Killed a steam dragon
  2049 | D:7      | Reached skill level 7 in Earth Magic
  2169 | D:7      | Identified the +3 whip of Bukeym {freeze, rC- rN++ Int+6}
  2417 | D:7      | Reached skill level 7 in Spellcasting
  2421 | D:7      | Found a blossoming altar of Fedhas.
  2484 | D:7      | Gained mutation: You passively map the area around you.
                  | [Meteoran growth]
  2484 | D:7      | Reached XP level 9. HP: 41/62 MP: 18/20
  2488 | D:7      | HP: 15/62 [killer bee (8)]
  2490 | D:7      | Reached skill level 5 in Stealth
  2492 | D:7      | Found Ibyis's General Store.
  2528 | D:7      | Found a hide-covered altar of Uskayaw.
  2741 | D:8      | Reached skill level 8 in Earth Magic
  2747 | D:8      | Reached skill level 8 in Spellcasting
  2761 | D:8      | Reached skill level 9 in Earth Magic
  2770 | D:8      | Reached skill level 9 in Spellcasting
  2834 | D:8      | Offered knowledge of Foxfire by Vehumet.
  2838 | D:8      | Learned a level 1 spell: Foxfire
  2844 | D:8      | Reached ** piety under Vehumet
  2851 | D:8      | Found Nutiypp's Antique Armour Shop.
  2861 | D:8      | Reached skill level 1 in Conjurations
  2861 | D:8      | Reached skill level 1 in Fire Magic
  2861 | D:8      | Reached XP level 10. HP: 60/69 MP: 21/24
  2861 | D:8      | Bought a pair of glowing boots for 165 gold pieces
  3176 | D:8      | Noticed Prince Ribbit
  3179 | D:8      | Killed Prince Ribbit
  3180 | D:8      | Reached skill level 2 in Conjurations
  3180 | D:8      | Reached skill level 2 in Fire Magic
  3180 | D:8      | Reached skill level 10 in Earth Magic
  3266 | D:9      | Found an opulent altar of Gozag.
  3284 | D:9      | Found a staircase to the Lair.
  3366 | D:9      | Reached skill level 10 in Spellcasting
  3366 | D:9      | Reached skill level 3 in Conjurations
  3366 | D:9      | Reached skill level 3 in Fire Magic
  3379 | D:9      | Found an ancient bone altar of Kikubaaqudgha.
  3687 | D:9      | Reached skill level 4 in Conjurations
  3747 | D:9      | Reached skill level 4 in Fire Magic
  3859 | D:10     | Entered Level 10 of the Dungeon
  3879 | D:10     | Offered knowledge of Scorch by Vehumet.
  3886 | D:10     | HP: 13/69 [yak (10)]
  3887 | D:10     | HP: 5/69 [yak (10)]
  3887 | D:10     | Slain by a yak

Illustrated notes

Levels and vault maps discovered:
D:1:      sevenhm_arrival_forest_fort_small_6, layout_basic
D:2:      layout_basic, uniq_jessica
D:3:      layout_basic, slow_altar_1, mainiacjoe_overflow_small_starburst,
          lemuel_doored_altar, cheibrodos_sewer_entry_sluice,
          basic_ecumenical_altar, due_unseen_surprise
D:5:      layout_layer_cave, minmay_temple_entry_waves
D:6:      gammafunk_wand_slinger, layout_cave_pods,
          mainiacjoe_overflow_tiny_flanked, mainiacjoe_overflow_cross_hatched
D:7:      layout_basic, mainiacjoe_overflow_swirl, serial_shops, shop
D:8:      layout_layer_cave, serial_shops, nicolae_diamond_shop,
          uniq_prince_ribbit1
D:9:      layout_basic, nicolae_gozag_seed_capital,
          mainiacjoe_overflow_24_doors, lair_entry_dummy
D:10:     layout_grid_maze, mainiacjoe_overflow_six_doors_small, serial_shops,
          shop, nicolae_titane, uniq_joseph
Temple:   nicolae_temple_hex_pool

Skill      XL: |  1  2  3  4  5  6  7  8  9 10 |
---------------+-------------------------------+-----
Spellcasting   | 3 4 5 6 7 9 10 | 10.6
Earth Magic    | 4 5 6 7 9 10 | 10.8
Stealth        | 2 3 4 5 |  5.0
Conjurations   | 1 4 |  4.8
Fire Magic     | 1 4 |  4.6
Dodging        | |  2.4
Transmutations | |  1.2

Action                   |  1- 3 |  4- 6 |  7- 9 | 10-12 || total
-------------------------+-------+-------+-------+-------++-------
Melee: Dagger            |       |     1 |       |       ||     1
 Cast: Sandblast         |    41 |    77 |    97 |    75 ||   290
       Foxfire           |       |       |       |     1 ||     1
Evoke: Wand              |       |       |       |     1 ||     1
  Use: Scroll            |     1 |       |       |       ||     1
       Potion            |       |     1 |     2 |       ||     3
Armor: Robe              |     6 |     9 |     5 |     5 ||    25
Dodge: Dodged            |    32 |    39 |    42 |    19 ||   132

Table legend: (Time is in decaauts)
 A = Elapsed time spent in this place.
 B = Non-inter-level travel time spent in this place.
 C = Inter-level travel time spent in this place.
 D = Time resting spent in this place.
 E = Time spent auto-exploring this place.
 F = Levels seen in this place.
 G = Mean time per level.
                   A        B        C        D        E       F      G
               +--------+--------+--------+--------+--------+-----+--------+
         Total |   4128 |   3963 |    165 |    191 |   2728 |  11 |  375.3 |
       Dungeon |   3498 |   3355 |    143 |    106 |   2384 |   9 |  388.7 |
        Temple |     50 |     28 |     22 |      0 |     20 |   1 |   50.0 |
         Sewer |    579 |    579 |      0 |     85 |    324 |   1 |  579.0 |
               +--------+--------+--------+--------+--------+-----+--------+

Top non-repeatable levels by time:
     D:7: 767 daAuts
     D:5: 693 daAuts
     D:9: 662 daAuts
   Sewer: 579 daAuts
     D:8: 558 daAuts
     D:1: 524 daAuts
     D:6: 151 daAuts
     D:3: 87 daAuts
  Temple: 50 daAuts
    D:10: 34 daAuts
     D:2: 19 daAuts

Table legend:
 A = Kills in this place as a percentage of kills in entire the game.
 B = Kills by you in this place as a percentage of kills by you in the entire game.
 C = Kills by friends in this place as a percentage of kills by friends in the entire game.
 D = Other kills in this place as a percentage of other kills in the entire game.
 E = Experience gained in this place as a percentage of experience gained in the entire game.
 F = Experience gained in this place divided by the number of levels of this place that you have seen.
                   A       B       C       D       E      F
               +-------+-------+-------+-------+-------+----------------------
         Total | 100.0 | 100.0 |   N/A |   N/A | 100.0 | 562.2
       Dungeon |  80.9 |  80.9 |   N/A |   N/A |  98.0 | 673.6
         Sewer |  19.1 |  19.1 |   N/A |   N/A |   2.0 | 122.0
               +-------+-------+-------+-------+-------+----------------------
